 Dungeon Crawl Stone Soup version 0.23.2 (webtiles) character file.

Game seed: 3218337899012053011

3875 dvd the Cudgeler (level 10, -13/81 HPs)
             Began as a Minotaur Assassin on Apr 3, 2019.
             Was a Priest of Makhleb.
             Mangled by a komodo dragon (22 damage)
             ... on level 8 of the Dungeon.
             The game lasted 00:15:12 (6104 turns).

dvd the Cudgeler (Minotaur Assassin)                Turns: 6104, Time: 00:15:13

Health: -13/81     AC: 12    Str: 19    XL:     10   Next: 0%
Magic:  18/18      EV:  5    Int:  8    God:    Makhleb [***...]
Gold:   358        SH: 23    Dex: 12    Spells: 9/9 levels left

rFire    . . .     SeeInvis .   c - +9 war axe
rCold    . . .     Gourm    .   r - +2 large shield
rNeg     + . .     Faith    .   k - +0 chain mail
rPois    .         Spirit   .   (helmet restricted)
rElec    .         Reflect  +   d - +0 cloak
rCorr    .         Harm     .   I - +0 pair of gloves
MR       .....                  (no boots)
Stlth    ..........             t - +6 amulet of reflection
HPRegen  0.23/turn              l - ring of positive energy
MPRegen  0.16/turn              G - ring of magical power

@: no status effects
A: retaliatory headbutt, horns 2
a: Minor Destruction, Lesser Servant of Makhleb, Renounce Religion


You were on level 8 of the Dungeon.
You worshipped Makhleb.
Makhleb was most pleased with you.
You were not hungry.

You visited 2 branches of the dungeon, and saw 9 of its levels.

You collected 358 gold pieces.

Inventory:

Hand Weapons
 a - a +2 flail of holy wrath
 c - a +9 war axe (weapon)
 o - a +2 mace of crushing
 H - a +4 flail
Missiles
 B - 4 tomahawks (quivered)
Armour
 d - a +0 cloak (worn)
 e - a +0 ring mail
 k - a +0 chain mail (worn)
 r - a +2 large shield (worn)
 I - a +0 pair of gloves (worn)
Jewellery
 l - a ring of positive energy (left hand)
 t - a +6 amulet of reflection (around neck)
 G - a ring of magical power (right hand)
Wands
 h - a wand of flame (41)
 D - a wand of iceblast (11)
Scrolls
 b - 10 scrolls of identify
 f - a scroll of enchant weapon
 i - 4 scrolls of teleportation
 u - a scroll of fog
 x - a scroll of fear
 F - a scroll of blinking
Potions
 j - a potion of ambrosia {unknown}
 m - a potion of might
 n - a potion of curing
 p - 2 potions of agility {unknown}
 q - 2 potions of brilliance {unknown}
 s - 2 potions of mutation {unknown}
 v - 2 potions of flight {unknown}
 w - 2 potions of lignification {unknown}
 z - 2 potions of heal wounds {unknown}
 A - a potion of magic {unknown}
 C - a potion of haste {unknown}
 E - a potion of berserk rage {unknown}
Comestibles
 g - 12 rations
 J - 2 chunks of flesh


   Skills:
 + Level 5.5 Fighting
   Level 2.8 Short Blades
 + Level 6.9(8.6) Axes
 + Level 7.9(9.1) Maces & Flails
 + Level 5.9 Throwing
 + Level 6.0 Armour
 + Level 2.9 Dodging
 - Level 3.7 Stealth
 + Level 7.2 Shields


You had 9 spell levels left.
You didn't know any spells.
Your spell library contained the following spells:

 Spells                   Type           Power        Failure   Level  Hunger
 Animate Skeleton         Necr           N/A          100%        1    ##.....
 Apportation              Tloc           #.....       100%        1    ##.....
 Confusing Touch          Hex            #.....       100%        1    ##.....
 Summon Small Mammal      Summ           #...         100%        1    ##.....


Dungeon Overview and Level Annotations

Branches:
Dungeon (8/15)             Temple (1/1) D:4
   Lair: D:8-11

Altars:
Ashenzari
Cheibriados
Dithmenos
Elyvilon
Fedhas
Gozag
Hepliaklqana
Kikubaaqudgha
Makhleb
Nemelex Xobeh
Okawaru
Qazlal
Ru
Sif Muna
Trog
Uskayaw
Vehumet
Wu Jian
Xom
Yredelemnul
Zin
The Shining One

Annotations:
D:6 3 runed translucent doors, dhn's ghost, novice MiFi


Innate Abilities, Weirdness & Mutations

You reflexively headbutt those who attack you in melee.
You have a pair of horns on your head.


Message History

You throw a tomahawk.
The tomahawk hits the komodo dragon but does no damage.
The komodo dragon is lightly wounded.
Okay, then.
Unknown command.
Throwing (i - inventory)
B - 5 tomahawks (quivered)
Press: ? - help, Shift-Dir - straight line, f/p - komodo dragon
Aim: a komodo dragon (lightly wounded)
You throw a tomahawk.
The tomahawk hits the komodo dragon but does no damage.
The komodo dragon is lightly wounded.
You hit the komodo dragon. You headbutt the komodo dragon.
The komodo dragon is heavily wounded.
The komodo dragon bites you but does no damage.
The komodo dragon bites you!!
* * * LOW HITPOINT WARNING * * *
You hit the komodo dragon.
The komodo dragon is heavily wounded.
The komodo dragon bites you!!
You die...

#.# #. #.. ..# #.# ##.# #. ####
### #.# ...### #. #.# .....#
########## #### ######.#
.....####........# #...###.......
...####......#.†.##.....##.=....#
##.####.....##)..#.......########
.....#......##...[.......
#..#......####..@#.......
#..######## #..l##.....# #..#
#..(# #...## #..# #..(# #### #..#
#...# #..# '...# #.. .#(.(#
.###### .##(.(# ....... #######


You could see a komodo dragon.

Vanquished Creatures
  A troll (D:8)
  Prince Ribbit (D:7)
  Duvessa (D:7)
  An orc warrior (D:7)
  A sky beast (D:6)
  3 phantoms
  An ice beast (D:7)
  7 ogres
  A centaur (D:6)
  2 bullfrogs (D:8)
  2 big kobolds
  Dowan (D:7)
  5 wights (D:6)
  5 killer bees
  4 howler monkeys
  5 crimson imps
  2 jellies
  2 centaur skeletons
  4 hounds
  2 orc priests (D:6)
  4 orc wizards
  2 iguanas
  2 worker ants
  Terence (D:2)
  A howler monkey skeleton (D:5)
  4 gnolls
  13 adders
  2 shadow imps (D:5)
  An ooze (D:5)
  An adder zombie (D:8)
  An adder skeleton (D:5)
  2 worms
  3 dart slugs
  3 leopard geckos
  23 orcs
  3 ball pythons
  6 giant cockroaches
  4 goblins
  4 hobgoblins
  11 jackals
  16 kobolds
  7 quokkas
  4 bats
  6 frilled lizards
  A quokka skeleton (D:4)
  6 rats
182 creatures vanquished.

Vanquished Creatures (others)
  3 fungi (D:4)
  2 plants (D:4)
5 creatures vanquished.

Grand Total: 187 creatures vanquished

Notes
Turn   | Place    | Note
-------+----------+-------------------------------------------
     0 | D:1      | dvd the Minotaur Assassin began the quest for the Orb.
     0 | D:1      | Reached XP level 1. HP: 18/18 MP: 0/0
     6 | D:1      | Reached XP level 2. HP: 25/25 MP: 1/1
   290 | D:1      | Reached XP level 3. HP: 30/30 MP: 2/2
   518 | D:1      | Reached skill level 1 in Maces & Flails
   802 | D:2      | Noticed Terence
   820 | D:2      | Killed Terence
   820 | D:2      | Reached XP level 4. HP: 15/37 MP: 3/3
  1289 | D:2      | Reached skill level 1 in Armour
  1676 | D:3      | Reached XP level 5. HP: 45/45 MP: 4/4
  1869 | D:4      | Found a staircase to the Ecumenical Temple.
  1883 | Temple   | Entered the Ecumenical Temple
  1918 | Temple   | Became a worshipper of Makhleb the Destroyer
  2189 | D:4      | Noticed a phantom
  2200 | D:4      | Reached skill level 1 in Shields
  2221 | D:4      | Killed a phantom
  2221 | D:4      | Reached XP level 6. HP: 25/51 MP: 5/5
  2443 | D:4      | Found a shattered altar of Ashenzari.
  2447 | D:4      | Saw a vision of the Swamp and the Spider Nest.
  2447 | D:4      | Noticed an alligator
  2447 | D:4      | Noticed an alligator
  2447 | D:4      | Noticed a wolf spider
  2447 | D:4      | Noticed a wolf spider
  2448 | D:4      | Noticed an alligator
  2448 | D:4      | Noticed a wolf spider
  2448 | D:4      | Noticed a redback
  2449 | D:4      | Noticed a redback
  2450 | D:4      | Noticed a hornet
  2454 | D:4      | Noticed a hornet
  2608 | D:4      | Reached skill level 5 in Maces & Flails
  2940 | D:5      | Entered Level 5 of the Dungeon
  3000 | D:5      | Reached XP level 7. HP: 57/57 MP: 6/6
  3028 | D:5      | Reached * piety under Makhleb
  3751 | D:6      | Reached XP level 8. HP: 54/66 MP: 7/7
  3800 | D:6      | Found a runed translucent gate.
  3800 | D:6      | Found a runed translucent gate.
  3800 | D:6      | Found a runed translucent gate.
  3803 | D:6      | Noticed dhn's ghost (novice MiFi)
  3989 | D:6      | Reached ** piety under Makhleb
  4247 | D:6      | Found an iron altar of Okawaru.
  4275 | D:6      | Reached skill level 5 in Shields
  4712 | D:7      | Found a bloodstained altar of Trog.
  4717 | D:7      | Reached skill level 1 in Axes
  4745 | D:7      | Noticed Duvessa
  4745 | D:7      | Noticed Dowan
  4754 | D:7      | Killed Duvessa
  4762 | D:7      | Killed Dowan
  4925 | D:7      | Noticed Prince Ribbit
  4998 | D:7      | Reached skill level 5 in Throwing
  5001 | D:7      | Reached XP level 9. HP: 70/72 MP: 8/8
  5155 | D:7      | Reached skill level 5 in Armour
  5547 | D:7      | Found a shimmering altar of Xom.
  5696 | D:7      | Killed Prince Ribbit
  5950 | D:8      | Reached skill level 5 in Fighting
  5965 | D:8      | Reached skill level 5 in Axes
  6034 | D:8      | Reached *** piety under Makhleb
  6036 | D:8      | Noticed a troll
  6053 | D:8      | Killed a troll
  6063 | D:8      | Reached XP level 10. HP: 22/81 MP: 9/9
  6104 | D:8      | Mangled by a komodo dragon

Skill      XL: |  1  2  3  4  5  6  7  8  9 |
---------------+----------------------------+-----
Maces & Flails | 2 3 4 5 6 7 |  7.9
Fighting       | 3 4 5 |  5.5
Armour         | 1 2 3 4 6 |  6.0
Shields        | 2 4 5 7 |  7.2
Dodging        | 2 |  2.9
Throwing       | 3 5 |  5.9
Axes           | 2 6 |  6.9
Short Blades   | |  2.8
Stealth        | |  3.7

Action                   |  1- 3 |  4- 6 |  7- 9 | 10-12 || total
-------------------------+-------+-------+-------+-------++-------
Melee: Dagger            |     1 |       |       |       ||     1
       Flail             |    45 |   173 |   116 |       ||   334
       Headbutt          |     7 |    32 |    41 |     1 ||    81
       War axe           |       |       |   170 |     2 ||   172
Throw: Tomahawk          |       |    11 |    75 |     6 ||    92
  Use: Scroll            |       |       |    18 |       ||    18
 Stab: Sleeping          |     5 |       |       |       ||     5
  Eat: Chunk             |       |     7 |     7 |       ||    14
       Ration            |       |       |     1 |       ||     1
Armor: Robe              |     3 |       |       |       ||     3
       Chain mail        |    29 |   102 |    87 |     1 ||   219
       Ring mail         |     1 |       |       |       ||     1
Dodge: Dodged            |    28 |    25 |    29 |       ||    82
Block: Large shield      |       |   122 |   241 |       ||   363
       Reflection        |       |       |     2 |       ||     2
